 Dungeon Crawl Stone Soup version 0.30.0-29-ga12c61a403 (webtiles) character file.

Game seed: 6312581697138690762

12555 ChadusMaximus the Cleaver (level 11, -7/88 (100) HPs)
             Began as a Minotaur Fighter on June 11, 2023.
             Was a High Priest of Okawaru.
             Killed from afar by Josephine (24 damage)
             ... with a ghostly fireball
             ... on level 10 of the Dungeon.
             The game lasted 00:10:23 (10970 turns).

ChadusMaximus the Cleaver (Minotaur Fighter)       Turns: 10970, Time: 00:10:24

HP:   -7/88 (100)   AC: 20    Str: 26    XL:     11   Next: 64%
MP:   15/16         EV: 10    Int:  5    God:    Okawaru [*****.]
Gold: 667           SH:  7    Dex:  9    Spells: 10/10 levels left

rFire   + . .        j - +0 broad axe
rCold   . . .        c - +0 buckler
rNeg    . . .        P - +0 chain mail
rPois   .            R - +2 hat
rElec   .            (no cloak)
rCorr   .            v - +2 pair of gloves "Hyroisk" {rF+}
SInv    .            k - +0 pair of boots
Will    +....        (no amulet) Stlth
                     z - +4 ring of slaying
HPRegen 0.34/turn    E - ring of willpower
MPRegen 0.15/turn

%: no passive effects
@: heroic, slowed, heavily drained, very slow
A: horns 2, retaliatory headbutt
a: Renounce Religion, Heroism, Finesse, Duel


You were on level 10 of the Dungeon.
You worshipped Okawaru.
Okawaru was extremely pleased with you.
You visited 2 branches of the dungeon, and saw 11 of its levels.
You also visited: Bailey.

You collected 667 gold pieces.

Inventory:

Hand Weapons
 j - a +0 broad axe (weapon)
 G - a +2 war axe of flaming
 T - a +0 shortbow
Missiles
 f - 5 javelins (quivered)
 M - 2 throwing nets
 S - 4 boomerangs
Armour
 b - a +0 scale mail
 c - a +0 buckler (worn)
 k - a +0 pair of boots (worn)
 v - the +2 pair of gloves "Hyroisk" (worn) {rF+}
   (You found it on level 3 of the Dungeon)

   rF:        It protects you from fire.
 P - a +0 chain mail (worn)
 R - a +2 hat (worn)
Jewellery
 a - a ring of wizardry
 r - an amulet of magic regeneration
 z - a +4 ring of slaying (left hand)
 B - the ring "Jezitell" {rC+ AC+4 Int-5 Dex+3 SInv}
   (You found it on level 5 of the Dungeon)

   [ring of protection]

   AC:        It affects your AC (+4).
   Int:       It affects your intelligence (-5).
   Dex:       It affects your dexterity (+3).
   rC:        It protects you from cold.
   SInv:      It lets you see invisible.
 E - a ring of willpower (right hand)
 W - a +4 ring of slaying
Wands
 y - a wand of iceblast (15)
 H - a wand of flame (14)
 J - a wand of acid (8)
 Q - a wand of digging (8)
 U - a wand of mindburst (6)
Scrolls
 i - a scroll of fear
 n - 2 scrolls of magic mapping
 o - a scroll of acquirement
 p - 3 scrolls of teleportation
 q - 2 scrolls of torment
 s - a scroll of amnesia
 C - 4 scrolls of enchant armour {unknown}
 D - a scroll of noise {unknown}
 F - a scroll of brand weapon {unknown}
 K - a scroll of vulnerability {unknown}
 L - 2 scrolls of blinking {unknown}
 V - 2 scrolls of identify
Potions
 d - 6 potions of might
 e - a potion of magic {unknown}
 g - 2 potions of flight {unknown}
 h - 5 potions of mutation {unknown}
 l - 3 potions of curing {unknown}
 m - 5 potions of resistance {unknown}
 t - 2 potions of heal wounds {unknown}
 u - 4 potions of brilliance {unknown}
 w - 2 potions of cancellation {unknown}
 x - 3 potions of attraction {unknown}
 A - 3 potions of haste {unknown}
 I - 3 potions of degeneration {unknown}
 N - a potion of invisibility {unknown}
 O - a potion of lignification {unknown}


   Skills:
 + Level 10.2(15.2) Fighting
 * Level 11.5(16.5) Axes
 * Level 2.0(7.0) Throwing
 + Level 10.2(15.2) Armour
 + Level 10.3(15.3) Shields
 - Level 8.4 Invocations


You had 10 spell levels left.
You didn't know any spells.
Your spell library contained the following spells:

 Spells                   Type           Power      Damage    Failure   Level
 Magic Dart               Conj           0%         1d3       88%         1
 Necrotise                Necr           0%         1d4       88%         1
 Cigotuvi's Dreadful Rot  Necr/Pois/Air  0%         N/A       95%         2
 Lesser Beckoning         Tloc           0%         N/A       95%         2
 Gell's Gravitas          Tloc           0%         N/A       99%         3
 Ignite Poison            Fire/Tmut/Pois 0%         N/A       99%         3
 Mephitic Cloud           Conj/Pois/Air  0%         N/A       99%         3
 Stone Arrow              Conj/Erth      0%         3d7       99%         3
 Teleport Other           Tloc           0%         N/A       99%         3
 Vampiric Draining        Necr           0%         2d6       99%         3
 Sticky Flame             Conj/Fire      0%         2d3       100%        4
 Agony                    Necr           0%         N/A       100%        5
 Freezing Cloud           Conj/Ice/Air   0%         6-21      100%        5
 Ignition                 Fire           0%         3d3       100%        8
 Lehudib's Crystal Spear  Conj/Erth      0%         10d2      100%        8
 Call Imp                 Summ           Unusable   N/A       N/A         2
 Animate Armour           Summ/Erth      Unusable   N/A       N/A         4

Dungeon Overview and Level Annotations

Branches:
Dungeon (10/15)            Temple (1/1) D:6          Bailey (visited)
   Lair: D:8-11         Orc: D:9-12

Altars:
Ashenzari
Cheibriados
Dithmenos
Elyvilon
Fedhas
Gozag
Hepliaklqana
Kikubaaqudgha
Makhleb
Nemelex Xobeh
Okawaru
Qazlal
Ru
Sif Muna
Trog
Uskayaw
Vehumet
Wu Jian
Xom
Yredelemnul
Zin
The Shining One

Annotations:
D:10 Josephine


Innate Abilities, Weirdness & Mutations

You have a pair of horns on your head.
You reflexively headbutt those who attack you in melee.


Message History

Aim: Josephine, wielding a +1 dagger of draining and wearing a +0 robe (70% to hit)
You throw a javelin. The javelin pierces through the wraith!
The wraith is severely damaged.
The javelin pierces through Josephine!!
Josephine is moderately wounded.
The wraith barely misses you. You furiously retaliate!
You headbutt the wraith!
You destroy the wraith!
Okawaru accepts your kill. The wraith hits you!
The wraith completely misses you.
Your base Throwing skill increases to level 2!
Throw: 7 javelins
Press: ? - help, Q - select action, (/) - cycle Shift-Dir - straight line, f/p - Josephine
Aim: Josephine, wielding a +1 dagger of draining and wearing a +0 robe (moderately wounded, 70% to hit)
You throw a javelin. The javelin barely misses Josephine.
The javelin pierces through the wraith.
The wraith is lightly damaged.
You block the wraith's attack. The wraith hits you but does no damage.
You block Josephine's attack. The wraith hits you but does no damage.
The wraith hits you.
Throw: 6 javelins
Press: ? - help, Q - select action, (/) - cycle Shift-Dir - straight line, f/p - Josephine
Aim: Josephine, wielding a +1 dagger of draining and wearing a +0 robe (moderately wounded, 70% to hit)
You throw a javelin.
The javelin pierces through Josephine but does no damage.
Josephine is moderately wounded.
The javelin closely misses the wraith.
Josephine casts a spell at you.
The ghostly flame explodes!
The ghostly fireball engulfs you!!
You feel drained.
* * * LOW HITPOINT WARNING * * *
The ghostly fireball engulfs the wraith.
The wraith completely resists.
The ghostly fireball engulfs Josephine.
Josephine completely resists.
The ghostly fireball engulfs the wraith.
The wraith completely resists.
You block the wraith's attack. The wraith closely misses you.
Josephine points at you and mumbles some strange words.
The ghostly flame explodes!
The ghostly fireball engulfs you!!
You feel drained.
You die...

......# #.# .# ..#
####..# #.# .# ...#
#..#####.# .##...#
#........#####......#
#....................
#........####?.......
#.#####..# #..##..##
#.# #..# #..# .# #.#
#..# #@W# #. #..#
#@W# #. #..# #WW#
#..# #.(# #..# #..#
#..# #..# #### #..#
.... .(.. ####


You could see Josephine and 4 wraiths.

Vanquished Creatures
  Gastronok (D:9)
  2 vault guards (Bailey)
  A centaur warrior (D:9)
  Pikel (D:9)
  A manticore (D:10)
  A kobold demonologist (D:9)
  2 trolls (D:10)
  Prince Ribbit (Bailey)
  A hornet (D:9)
  5 yaks (D:9)
  A wraith (D:10)
  6 humans (Bailey)
  A steam dragon (D:7)
  2 water moccasins (D:6)
  An ice beast (D:8)
  6 orc warriors
  3 ogres
  3 sky beasts
  8 centaurs
  4 lemures (D:9)
  2 phantoms (D:5)
  A kobold brigand (D:7)
  16 bullfrogs
  3 scorpions
  A water moccasin zombie (D:5)
  10 wights
  A water moccasin skeleton (D:5)
  12 killer bees
  6 howler monkeys
  A centaur zombie (D:7)
  3 bullfrog zombies (D:5)
  2 hounds
  A jelly (D:7)
  6 orc priests
  4 iguanas
  2 sleepcaps (D:5)
  Natasha (thrice) (D:2)
  9 orc wizards
  2 howler monkey zombies
  6 gnolls
  A howler monkey skeleton (D:5)
  9 adders
  2 shadow imps
  A white imp (D:8)
  3 ufetubi
  2 adder zombies (D:5)
  2 worms (D:5)
  2 dart slugs
  70 orcs
  2 bats (D:2)
  8 endoplasms
  7 giant cockroaches
  9 goblins
  9 hobgoblins
  14 kobolds
  2 quokkas
  2 ball pythons
  2 frilled lizards
  4 rats
293 creatures vanquished.

Notes
Turn   | Place    | Note
-------+----------+-------------------------------------------
     0 | D:1      | ChadusMaximus the Minotaur Fighter began the quest for the
                  | Orb.
     0 | D:1      | Reached XP level 1. HP: 19/19 MP: 0/0
    14 | D:1      | You fall into a shaft and drop 1 floor!
    60 | D:2      | HP: 1/20 [frozen (4)]
   203 | D:2      | Reached XP level 2. HP: 27/27 MP: 1/1
   228 | D:2      | Reached skill level 3 in Axes
   231 | D:2      | Reached XP level 3. HP: 33/33 MP: 2/2
   335 | D:2      | Noticed Natasha
   344 | D:2      | Killed Natasha
   345 | D:2      | Reached XP level 4. HP: 19/41 MP: 3/3
   456 | D:2      | Noticed Natasha
   464 | D:2      | Killed Natasha
  1127 | D:2      | Noticed Natasha
  1137 | D:2      | Killed Natasha
  1934 | D:3      | Reached skill level 4 in Axes
  1934 | D:3      | Reached XP level 5. HP: 47/47 MP: 4/4
  2188 | D:3      | Found an ancient bone altar of Kikubaaqudgha.
  2193 | D:3      | Found a shimmering blue altar of Sif Muna.
  2194 | D:3      | Found a radiant altar of Vehumet.
  2197 | D:3      | Got Kikubaaqudgha's Enchiridion on Despair
  2397 | D:3      | Found a bloodstained altar of Trog.
  2401 | D:3      | Identified the +2 pair of gloves "Hyroisk" {rF+}
  2775 | D:4      | Reached skill level 5 in Armour
  3087 | D:4      | Found a sparkling altar of Nemelex Xobeh.
  3447 | D:5      | Entered Level 5 of the Dungeon
  3447 | D:5      | Found a sacrificial altar of Ru.
  3468 | D:5      | Reached skill level 5 in Fighting
  3468 | D:5      | Reached XP level 6. HP: 56/56 MP: 1/5
  3482 | D:5      | Reached skill level 5 in Axes
  3482 | D:5      | Reached skill level 5 in Shields
  3710 | D:5      | Reached skill level 6 in Axes
  3710 | D:5      | Reached XP level 7. HP: 46/61 MP: 2/6
  3794 | D:5      | Found a blossoming altar of Fedhas.
  3870 | D:5      | Identified the ring "Jezitell" {rC+ AC+4 Int-5 Dex+3 SInv}
  4035 | D:5      | Reached skill level 7 in Axes
  4056 | D:5      | Reached XP level 8. HP: 51/70 MP: 2/7
  4263 | D:5      | Reached skill level 8 in Axes
  4743 | D:6      | Found a staircase to the Ecumenical Temple.
  4808 | Temple   | Entered the Ecumenical Temple
  4896 | Temple   | Became a worshipper of Warmaster Okawaru
  4950 | D:6      | Reached skill level 1 in Invocations
  5294 | D:6      | Reached * piety under Okawaru
  5629 | D:6      | Reached XP level 9. HP: 71/79 MP: 10/10
  5667 | D:6      | Found a glowing silver altar of Zin.
  6030 | D:7      | Reached ** piety under Okawaru
  6171 | D:7      | Found a faded altar of an unknown god.
  6171 | D:7      | Found a faded altar of an unknown god.
  6173 | D:7      | Found a hazy altar of Hepliaklqana.
  6220 | D:7      | Found a snail-covered altar of Cheibriados.
  6508 | D:7      | Reached skill level 9 in Axes
  6756 | D:7      | Found a basalt altar of Yredelemnul.
  7216 | D:8      | Reached skill level 5 in Invocations
  7406 | D:8      | Reached XP level 10. HP: 43/89 MP: 13/13
  7987 | D:8      | Found a shadowy altar of Dithmenos.
  8487 | D:9      | Noticed Pikel
  8501 | D:9      | Killed Pikel
  8517 | D:8      | Identified a scroll of acquirement
  8579 | D:9      | Reached *** piety under Okawaru
  8604 | D:9      | Noticed Gastronok
  8612 | D:9      | Found a flagged portal.
  8622 | Bailey   | Entered a bailey
  8790 | Bailey   | Reached skill level 10 in Axes
  8890 | Bailey   | Noticed Prince Ribbit
  8892 | Bailey   | Noticed a vault guard
  8902 | Bailey   | Killed a vault guard
  8902 | Bailey   | Reached **** piety under Okawaru
  8904 | Bailey   | Killed Prince Ribbit
  8977 | Bailey   | Noticed a vault guard
  8984 | Bailey   | Killed a vault guard
  8985 | Bailey   | Reached XP level 11. HP: 80/97 MP: 15/15
  9169 | D:9      | Killed Gastronok
  9169 | D:9      | Reached ***** piety under Okawaru
  9298 | D:9      | Noticed a centaur warrior
  9309 | D:9      | Killed a centaur warrior
  9310 | D:9      | Reached skill level 10 in Shields
  9482 | D:9      | Found a broken altar of Ashenzari.
  9482 | D:9      | Found an opulent altar of Gozag.
  9559 | D:9      | Received a gift from Okawaru
  9560 | D:9      | Reached skill level 10 in Fighting
  9560 | D:9      | Reached skill level 11 in Axes
  9685 | D:9      | Noticed a sixfirhy
  9699 | D:9      | Reached skill level 10 in Armour
 10228 | D:10     | Entered Level 10 of the Dungeon
 10523 | D:10     | Reached skill level 1 in Throwing
 10964 | D:10     | Noticed Josephine
 10970 | D:10     | Killed from afar by Josephine

Illustrated notes

Levels and vault maps discovered:
D:1:      scummos_arrival_checkerplants, layout_basic, minivault_24
D:2:      layout_basic, kennysheep_path_1, minmay_close_crescents, uniq_natasha
D:3:      layout_rooms, grunt_temple_overflow_magic_moments, bloody_trog,
          serial_curves, eino_curves_04, eino_curves_02
D:4:      layout_basic, lemuel_round_altar
D:5:      minmay_octagon_keep, layout_basic,
          mainiacjoe_overflow_small_starburst, mainiacjoe_overflow_brackets,
          serial_undead, serial_undead_d, serial_undead_c, serial_undead_d,
          serial_undead_f
D:6:      layout_basic, lemuel_tele_altar, minmay_temple_entry_mist
D:7:      layout_cave_pods, lemuel_doored_altar,
          nicolae_hepliaklqana_ecumenical_no_more,
          lemuel_zombie_altar_yredelemnul
D:8:      layout_basic, nicolae_dithmenos_through_a_glass_darkly, special_room
          [special_room_orc], kennysheep_small_spiral, minmay_misc_feat_ornament
D:9:      layout_cave_pods, chequers_temple_overflow_statue_of_worship,
          enter_bailey_4, minmay_misc_feat_five, uniq_pikel, uniq_gastronok
D:10:     layout_long_grid, uniq_josephine
Temple:   nicolae_temple_superstar

Skill      XL: |  1  2  3  4  5  6  7  8  9 10 11 |
---------------+----------------------------------+-----
Fighting       | 4 5 6 7 8 9 10 | 10.2
Armour         | 4 5 6 7 8 9 10 | 10.2
Shields        | 4 5 6 7 8 9 10 | 10.3
Axes           | 3 4 6 7 8 9 10 11 | 11.5
Invocations    | 3 5 7 8 |  8.4
Throwing       | 2 |  2.0

Action                     |  1- 3 |  4- 6 |  7- 9 | 10-12 || total
---------------------------+-------+-------+-------+-------++-------
  Melee: War axe           |    39 |    59 |   122 |    79 ||   299
         Headbutt          |     6 |    24 |    51 |    47 ||   128
         Hand axe          |       |    77 |   162 |       ||   239
         Broad axe         |       |       |       |   117 ||   117
  Throw: Javelin           |       |       |     3 |    17 ||    20
 Invoke: Heroism           |       |       |     2 |     8 ||    10
    Use: Scroll            |       |       |       |     7 ||     7
 Armour: Scale mail        |    27 |    66 |    99 |       ||   192
         Chain mail        |       |       |    27 |   124 ||   151
  Dodge: Dodged            |    17 |    60 |    93 |    84 ||   254
  Block: Buckler           |     9 |    34 |    68 |    63 ||   174
